 Dungeon Crawl Stone Soup version 0.22.1-1-ga44c0e5 (webtiles) character file.

261 magicm the Shield-Bearer (level 6, -1/47 HPs)
             Began as a Human Fighter on Nov 10, 2018.
             Slain by an ice beast (3 damage)
             ... on level 4 of the Dungeon.
             The game lasted 00:11:48 (2563 turns).

magicm the Shield-Bearer (Human Fighter)            Turns: 2563, Time: 00:11:49

Health: -1/47      AC: 10    Str: 16    XL:     6   Next: 42%
Magic:  6/6        EV:  7    Int: 14    God:
Gold:   124        SH: 10    Dex: 13    Spells: 5/5 levels left

rFire    . . .     SeeInvis .   a - +1 trident
rCold    . . .     Gourm    .   c - +1 shield
rNeg     . . .     Faith    .   b - +0 scale mail
rPois    .         Spirit   .   j - +1 helmet
rElec    .         Reflect  .   (no cloak)
rCorr    +         Harm     .   g - +0 pair of gloves
MR       .....                  (no boots)
Stlth    ..........             (no amulet)
HPRegen  0.15/turn              e - +4 ring of intelligence
MPRegen  0.10/turn              n - ring of resist corrosion

@: no status effects
A: no striking features
a: no special abilities


You were on level 4 of the Dungeon.
You were not hungry.

You visited 1 branch of the dungeon, and saw 4 of its levels.

You collected 124 gold pieces.

Inventory:

Hand Weapons
 a - a +1 trident (weapon)
Armour
 b - a +0 scale mail (worn)
 c - a +1 shield (worn)
 g - a +0 pair of gloves (worn)
 j - a +1 helmet (worn)
Jewellery
 e - a +4 ring of intelligence (left hand)
 n - a ring of resist corrosion (right hand)
Scrolls
 h - 2 scrolls of identify
 i - 3 scrolls of amnesia
 k - 2 scrolls of remove curse
Potions
 d - 2 potions of might
 m - a potion of berserk rage {unknown}
Comestibles
 f - 2 rations


   Skills:
 + Level 3.5 Fighting
 + Level 4.0 Polearms
 + Level 3.9 Armour
 + Level 1.4 Dodging
 + Level 0.1 Stealth
 + Level 4.2 Shields


You had 5 spell levels left.
You didn't know any spells.
Your spell library was empty.

Dungeon Overview and Level Annotations

Branches:
Dungeon (4/15)
 Temple: D:4-7

Altars:


Message History

The ice beast hits you but does no damage.
You block the orc's attack.
You completely miss the orc. You block the ice beast's attack.
The orc hits you with a flail.
* * * LOW HITPOINT WARNING * * *
You closely miss the ice beast.
The ice beast hits you but does no damage.
The orc hits you with a flail!
* * * LOW HITPOINT WARNING * * *
The ice beast hits you but does no damage.
Found an escape hatch in the floor.
A quokka comes into view.
Found a falchion.
You puncture the quokka!
You kill the quokka!
The ice beast hits you but does no damage.
There is an escape hatch in the floor here.
You see here a quokka corpse.
The ice beast hits you.
You die...

#..........# .>
#.........## ...
#.........####..#
##...###.......#
#..## #.....###
##.# #.[.### #.#
#...###### #.#
##....o..######
#.#
##...Y@...)...
##.#
########....#
#..### ###
#....### ##...#.#
####..##
#.<.########
#...<......#
#....####..#


You could see an ice beast and an orc.

Vanquished Creatures
  An ogre (D:3)
  A worker ant (D:4)
  6 adders
  3 oozes
  4 worms
  2 leopard geckos (D:1)
  7 orcs (D:3)
  12 bats
  5 giant cockroaches
  5 goblins
  7 hobgoblins
  4 jackals
  4 quokkas
  A ball python (D:3)
  5 frilled lizards
  5 rats
72 creatures vanquished.

Notes
Turn   | Place    | Note
-------+----------+-------------------------------------------
     0 | D:1      | magicm the Human Fighter began the quest for the Orb.
     0 | D:1      | Reached XP level 1. HP: 18/18 MP: 1/1
   186 | D:1      | Reached XP level 2. HP: 24/24 MP: 2/2
   434 | D:1      | Reached XP level 3. HP: 24/29 MP: 3/3
   951 | D:2      | Reached XP level 4. HP: 28/35 MP: 4/4
  1539 | D:3      | Reached skill level 1 in Dodging
  1665 | D:3      | Reached XP level 5. HP: 24/41 MP: 5/5
  2134 | D:3      | Noticed an ogre
  2148 | D:3      | Killed an ogre
  2148 | D:3      | Reached XP level 6. HP: 38/47 MP: 6/6
  2545 | D:4      | Noticed an ice beast
  2555 | D:4      | HP: 1/47 [orc/flail (8)]
  2563 | D:4      | Slain by an ice beast

Skill      XL: |  1  2  3  4  5  6 |
---------------+-------------------+-----
Dodging        | 1 |  1.4
Polearms       | 3 4 |  4.0
Shields        | 4 |  4.2
Fighting       | |  3.5
Armour         | |  3.9
Stealth        | |  0.1

Action                   |  1- 3 |  4- 6 || total
-------------------------+-------+-------++-------
Melee: Trident           |   110 |   244 ||   354
  Use: Scroll            |     6 |     6 ||    12
       Potion            |       |     3 ||     3
  Eat: Ration            |       |     2 ||     2
Armor: Scale mail        |    63 |   142 ||   205
Dodge: Dodged            |    25 |    78 ||   103
Block: Shield            |    72 |   177 ||   249
